 Dungeon Crawl Stone Soup version 0.31-a0-858-g469dc525a8 (webtiles) character file.

Game seed: 9695942602784071620

650 BinkBink the Shield-Bearer (level 7, -1/56 HPs)
             Began as a Formicid Fighter on Oct 9, 2023.
             Slain by Edmund
             ... wielding a +7 dire flail of protection
              (10 damage)
             ... on level 4 of the Dungeon.
             The game lasted 00:04:11 (2801 turns).

BinkBink the Shield-Bearer (Formicid Fighter)       Turns: 2801, Time: 00:04:11

Health: -1/56      AC:  7    Str: 20    XL:     7   Next: 83%
Magic:  7/7        EV:  9    Int:  8    God:
Gold:   181        SH:  6    Dex: 15    Spells: 6/6 levels left

rFire   . . .        a - +0 war axe
rCold   . . .        c - +0 buckler
rNeg    + . .        b - +0 scale mail
rPois   .            (helmet unavailable)
rElec   .            (no cloak)
rCorr   .            (no gloves)
SInv    +            (no boots)
Will    .....        (no amulet) Stlth
                     k - ring of the Mage {Wiz Archmagi}
HPRegen 0.29/turn    m - ring of positive energy
MPRegen 0.10/turn

%: wizardry (x1), archmagi
@: no status effects
A: permanent stasis, dig shafts and tunnels, antennae 3, four strong arms
a: Dig, Shaft Self


You were on level 4 of the Dungeon.
You visited 1 branch of the dungeon, and saw 4 of its levels.

You collected 181 gold pieces.

Inventory:

Hand Weapons
 a - a +0 war axe (weapon)
Missiles
 q - a throwing net
Armour
 b - a +0 scale mail (worn)
 c - a +0 buckler (worn)
Jewellery
 e - a ring of positive energy
 k - the ring of the Mage (left hand) {Wiz Archmagi}
   (You found it on level 2 of the Dungeon)

   [ring of wizardry]

   Wiz:       It improves your spell success rate.
   Archmagi:  It increases the power of your magical spells.
 m - a ring of positive energy (right hand)
 o - a +6 ring of strength
 p - an amulet of regeneration
Wands
 n - a wand of acid (11)
Scrolls
 g - 2 scrolls of fear {unknown}
 h - a scroll of vulnerability {unknown}
 i - a scroll of teleportation {unknown}
 l - 2 scrolls of enchant weapon {unknown}
 r - 3 scrolls of identify {unknown}
 s - 2 scrolls of immolation {unknown}
Potions
 d - a potion of might
 f - 3 potions of resistance {unknown}
 j - 3 potions of degeneration {unknown}


   Skills:
 + Level 5.4 Fighting
 + Level 4.3 Axes
 + Level 5.4 Armour
 + Level 6.6 Shields


You had 6 spell levels left.
You didn't know any spells.
Your spell library contained the following spells:

 Spells                   Type           Power      Damage    Failure   Level
 Necrotise                Necr           0%         1d4       45%         1
 Vampiric Draining        Necr           0%         2d6       82%         3
 Agony                    Necr           0%         N/A       100%        5


Dungeon Overview and Level Annotations

Branches:
Dungeon (4/15)
 Temple: D:4-7

Altars:

Annotations:
D:4 Edmund


Innate Abilities, Weirdness & Mutations

You cannot be hasted, slowed, berserked, paralysed or teleported.
You can dig through walls and to a lower floor.
You have a pair of large antennae on your head. (SInv)
Your four strong arms can wield two-handed weapons with a shield.


Message History

The scorpion is almost dead.
You feel sick.
The scorpion stings you but does no damage. x2
You hit the scorpion.
You kill the scorpion!
You feel very sick.
No target in view!
Unknown command.
No target in view!
You feel sick.
You see here an adder corpse.
You feel sick.
You feel sick.
You feel sick.
You feel sick.
You are no longer poisoned.
A kobold comes into view.
It is wielding a +2 short sword of protection.
The kobold shouts!
The kobold throws a stone.
The stone hits you but does no damage.
Edmund the Younger comes into view.
He is wielding a +7 dire flail of protection.
Edmund shouts!
The kobold throws a stone.
You block the stone.
The kobold throws a stone.
The stone barely misses you.
You hear the slow rusting of a drain nearby.
The kobold throws a stone.
The stone closely misses you.
You barely miss Edmund.
Edmund hits you with a +7 dire flail of protection!
You hit Edmund.
Edmund is lightly wounded.
Edmund hits you with a +7 dire flail of protection.
You hit Edmund but do no damage.
Edmund is lightly wounded.
Edmund hits you with a +7 dire flail of protection! x2
* * * LOW HITPOINT WARNING * * *
You slash Edmund!
Edmund is moderately wounded.
You hit the kobold. You block the kobold's attack.
Edmund hits you with a +7 dire flail of protection!
You die...
Edmund whines, "They better pay attention to me now!"

.>...# #..###....
.....#####...##....
.##...........#..##
..##..............#
...#..............#
......##......##..#
..##..............#
..#<........)....##
........#.......@#
..#....###.....K@###
.#####.# ##........#
.. ...{.##....##.#
.>...#.#.#†#†#.#
..###...........#
... #..#.......#.#
.......>.K...#
...#.......#.#


You could see Edmund and a kobold.

Vanquished Creatures
  Grinder (D:3)
  Sigmund (D:2)
  A scorpion (D:4)
  Jessica (D:3)
  Natasha (twice) (D:3)
  5 adders
  3 gnolls (D:3)
  A worm (D:4)
  5 dart slugs
  2 orcs (D:3)
  2 ball pythons (D:1)
  6 bats
  4 endoplasms
  2 giant cockroaches
  3 goblins
  6 hobgoblins
  10 jackals
  6 kobolds
  3 quokkas
  5 frilled lizards (D:1)
  6 rats
75 creatures vanquished.

Notes
Turn   | Place    | Note
-------+----------+-------------------------------------------
     0 | D:1      | BinkBink the Formicid Fighter began the quest for the Orb.
     0 | D:1      | Reached XP level 1. HP: 18/18 MP: 1/1
    30 | D:1      | Reached XP level 2. HP: 23/24 MP: 2/2
   198 | D:1      | Reached XP level 3. HP: 24/29 MP: 3/3
   920 | D:2      | Found the ring of the Mage {Wiz Archmagi}
   940 | D:2      | Found a faded altar of an unknown god.
  1003 | D:2      | Reached XP level 4. HP: 36/37 MP: 4/4
  1205 | D:2      | Noticed Sigmund
  1347 | D:2      | Killed Sigmund
  1348 | D:2      | Reached skill level 5 in Shields
  1348 | D:2      | Reached XP level 5. HP: 38/43 MP: 5/5
  1348 | D:2      | Reached XP level 6. HP: 43/49 MP: 6/6
  1744 | D:3      | Noticed Natasha
  1748 | D:3      | Killed Natasha
  1892 | D:3      | Noticed Natasha
  1897 | D:3      | Killed Natasha
  2107 | D:3      | Noticed Grinder
  2119 | D:3      | Noticed Jessica
  2131 | D:3      | Killed Grinder
  2132 | D:3      | Reached skill level 5 in Fighting
  2132 | D:3      | Reached skill level 5 in Armour
  2132 | D:3      | Reached skill level 6 in Shields
  2132 | D:3      | Reached XP level 7. HP: 17/56 MP: 7/7
  2596 | D:3      | Killed Jessica
  2783 | D:4      | Noticed Edmund
  2801 | D:4      | Slain by Edmund

Illustrated notes

Levels and vault maps discovered:
D:1:      sevenhm_arrival_forest_fort_small_3, layout_basic, serial_park_tiny_2,
          minmay_tromino_v7
D:2:      layout_loops_cross, ebering_ecumenical_altar_ruins, uniq_sigmund
D:3:      layout_basic, serial_park_tiny_1, roderic_roman_lattice, uniq_natasha,
          uniq_jessica, uniq_grinder
D:4:      layout_cave_pools, grunt_temple_overflow_open, serial_bayou,
          serial_bayou_pond_e, serial_bayou_lagoon_a, serial_bayou_shore_b,
          serial_bayou_pond_e, portal_sewer_entry_b, st_stairs_4, moated_statue,
          minivault_5, nicolae_shop_self_help, uniq_edmund, uniq_blork_the_orc

Skill      XL: |  1  2  3  4  5  6 |
---------------+-------------------+-----
Fighting       | 4 5 |  5.4
Axes           | 3 4 |  4.3
Armour         | 4 5 |  5.4
Shields        | 5 6 |  6.6

Action                     |  1- 3 |  4- 6 |  7- 9 || total
---------------------------+-------+-------+-------++-------
  Melee: War axe           |   103 |    86 |    45 ||   234
 Armour: Scale mail        |    99 |    71 |    32 ||   202
  Dodge: Dodged            |    60 |    33 |    21 ||   114
  Block: Buckler           |    26 |    30 |    19 ||    75

Table legend: (Time is in decaauts)
 A = Elapsed time spent in this place.
 B = Non-inter-level travel time spent in this place.
 C = Inter-level travel time spent in this place.
 D = Time resting spent in this place.
 E = Time spent auto-exploring this place.
 F = Levels seen in this place.
 G = Mean time per level.
                   A        B        C        D        E       F      G
               +--------+--------+--------+--------+--------+-----+--------+
         Total |   2889 |   2818 |     71 |      4 |   2206 |   4 |  722.2 |
       Dungeon |   2889 |   2818 |     71 |      4 |   2206 |   4 |  722.2 |
               +--------+--------+--------+--------+--------+-----+--------+

Top non-repeatable levels by time:
     D:1: 1063 daAuts
     D:3: 886 daAuts
     D:2: 831 daAuts
     D:4: 108 daAuts
